 Dungeon Crawl Stone Soup version 0.32-a0-391-gce5c0aab1b (webtiles) character file.

Game seed: 5784172589294629725

128 ytrimaz the Grave Robber (level 4, -1/33 HPs)
             Began as a Mountain Dwarf Necromancer on Feb 19, 2024.
             Slain by a gnoll
             ... wielding a +0 halberd
              (4 damage)
             ... on level 3 of the Dungeon on Feb 20, 2024.
             The game lasted 00:04:00 (1883 turns).

ytrimaz the Grave Robber (MDNe)                     Turns: 1883, Time: 00:04:01

Health: -1/33      AC:  6    Str: 12      XL:     4   Next: 87%
Magic:  1/7        EV: 10    Int: 15 (16) God:
Gold:   114        SH:  0    Dex:  9 (10) Spells: 3/7 levels left

rFire   . . .        a - +1 hand axe
rCold   . . .        (no shield)
rNeg    . . .        h - +1 ring mail
rPois   .            (helmet restricted)
rElec   .            (no cloak)
rCorr   .            (no gloves)
SInv    .            (no boots)
Will    .....        d - amulet of magic regeneration
Stlth   +            (no ring)
HPRegen 0.25/turn    (no ring)
MPRegen 0.50/turn

%: no passive effects
@: no status effects
A: runic magic, artefact enchanting, beak, deterioration 1, subdued magic 1
a: no special abilities


You were on level 3 of the Dungeon.
You visited 1 branch of the dungeon, and saw 3 of its levels.

You collected 114 gold pieces.


Innate Abilities, Weirdness & Mutations

Your spellcasting is much less encumbered by armour.
You can use scrolls of enchantment on lesser artefacts.
You have a beak for a mouth.
Your body sometimes deteriorates upon taking damage.
Your spells are a little easier to cast, but a little less powerful.


   Skills:
 + Level 2.0 Axes
 + Level 2.7 Armour
 - Level 1.3 Dodging
 - Level 1.4 Stealth
 - Level 2.3 Spellcasting
 + Level 5.3 Necromancy


You had 3 spell levels left.
You knew the following spells:

 Your Spells              Type           Power      Damage    Failure   Level
a - Necrotise             Necr           52%        1d6       2%          1
b - Vampiric Draining     Necr           13%        2d6       7%          3

Your spell library contained the following spells:

 Spells                   Type           Power      Damage    Failure   Level
 Ensorcelled Hibernation  Hex/Ice        2%         N/A       32%         2
 Passwall                 Erth           1%         N/A       54%         3
 Swiftness                Air            1%         N/A       54%         3
 Animate Dead             Necr           13%        N/A       24%         4
 Curse of Agony           Necr           13%        N/A       58%         5

Inventory:

Hand Weapons
 a - a +1 hand axe (weapon)
   (You found it on level 1 of the Dungeon)
Armour
 h - a +1 ring mail (worn)
   (You found it on level 1 of the Dungeon)
Jewellery
 d - an amulet of magic regeneration (around neck)
   (You found it on level 2 of the Dungeon)
Potions
 b - a potion of magic
 c - a potion of heal wounds
 e - a potion of brilliance {unknown}

Dungeon Overview and Level Annotations

Branches:
Dungeon (3/15) Zot: 16096

Altars:

Shops:
D:2

( #. #. #. #.#
.. #.######
##......##
#.###..<.....#.
#..>...@g......
####...Z.......
#....Zg.....
#...)......#
#..........#
.........>..
.#......$....
..#..[........


You could see 2 gnolls, a friendly rat skeleton and a friendly kobold skeleton.


Message History

No target in view!
Done exploring.
Done exploring.
No target in view!
Done exploring.
Okay, then.
Casting: Necrotise (safe; 1% risk of failure)
Confirm with . or Enter, or press ? or * to list all spells.
Okay, then.
Key pressed, stopping explore.
Done exploring.
Done exploring.
Done exploring.
Done exploring.
Done exploring.
You see here a +0 mace.
There is a stone staircase leading down here.
You climb downwards.
The gnoll shouts!
The kobold shouts!
The rat squeaks loudly.
Found a scroll of teleportation and 10 gold pieces.
Found two stone staircases leading down.
There is a stone staircase leading up here.
There are monsters nearby!
There are monsters nearby!
A gnoll comes into view. It is wielding a +0 halberd.
The gnoll shouts!
The rat bites you but does no damage.
The kobold throws a stone.
The stone hits you but does no damage.
A gnoll comes into view. It is wielding a +0 flail.
The rat writhes in agony.
You kill the rat!
The dead are walking! 😎 MP[-1]
You lost 1 mp, and now have 6/7 mp.
The kobold writhes in agony.
You kill the kobold!
The dead are walking!
The gnoll writhes in agony. 😎 MP[-1]
You lost 1 mp, and now have 5/7 mp.
The gnoll barely resists.
Your rat skeleton bites the gnoll but does no damage.
The gnoll barely resists.
Your kobold skeleton closely misses the gnoll.
Your rat skeleton bites the gnoll but does no damage.
The gnoll hits you with a +0 club.
The gnoll barely misses you. 😕 HP[-3] MP[-1]
You take 3 damage, and now have 30/33 hp.
You lost 1 mp, and now have 4/7 mp.
The gnoll barely resists.
Your kobold skeleton barely misses the gnoll.
Your rat skeleton closely misses the gnoll.
The gnoll barely misses you. The gnoll misses you.
Unknown command.
Aiming: Necrotise (safe; 1% risk of failure)
Press: ? - help, Q - select action Shift-Dir - straight line, f/p - gnoll
Aim: a gnoll, wielding a +0 club (moderately wounded, ally target, chance to affect: 78%)
The gnoll writhes in agony.
Your kobold skeleton hits the gnoll but does no damage.
The gnoll barely misses you.
The gnoll hits you from afar with a +0 halberd! 😮 HP[-6] MP[-1]
You take 6 damage, and now have 24/33 hp.
You lost 1 mp, and now have 3/7 mp.
Aiming: Necrotise (safe; 1% risk of failure)
Press: ? - help, Q - select action Shift-Dir - straight line, f/p - gnoll
Aim: a gnoll, wielding a +0 club (heavily wounded, ally target, chance to affect: 78%)
The gnoll barely resists.
Your rat skeleton bites the gnoll.
The gnoll hits your rat skeleton with a +0 club.
The gnoll hits you from afar with a +0 halberd.
The gnoll hits you with a +0 flail. 😮 HP[-7]
You take 7 damage, and now have 17/33 hp.
MASSIVE DAMAGE!! (PAUSE)
Casting: Necrotise (safe; 1% risk of failure)
Confirm with . or Enter, or press ? or * to list all spells.
Aiming: Vampiric Draining (quite dangerous; 7% risk of failure)
Press: ? - help, Shift-Dir - straight line, f/p - gnoll
Aim: a gnoll, wielding a +0 club (heavily wounded, not watching you, ally target)
You draw life force from the gnoll.
You kill the gnoll!
You feel life coursing into your body.
Your kobold skeleton closely misses the gnoll.
The gnoll hits you from afar with a +0 halberd!
* * * LOW HITPOINT WARNING * * *
The gnoll hits you with a +0 flail!
* * * LOW HITPOINT WARNING * * *
Your body deteriorates!
You feel dopey.
You feel your strength returning.
Your Axes skill increases to level 2! 😱 HP[-14] MP[-3]
You take 14 damage, and now have 3/33 hp.
MASSIVE DAMAGE!! (PAUSE)
You lost 3 mp, and now have 0/7 mp.
You hit the gnoll but do no damage.
Your kobold skeleton hits the gnoll but does no damage.
Your rat skeleton bites the gnoll.
The gnoll hits you from afar with a +0 halberd.
You die...

Skill      XL: |  1  2  3  4 |
---------------+-------------+-----
Spellcasting   | 2 |  2.3
Armour         | 1 2 |  2.7
Necromancy     | 5 |  5.3
Axes           | 1 2 |  2.0
Dodging        | |  1.3
Stealth        | |  1.4

Action                     |  1- 3 |  4- 6 || total
---------------------------+-------+-------++-------
  Melee: Unarmed           |    37 |       ||    37
         Hand axe          |    30 |    53 ||    83
         Peck              |       |     5 ||     5
   Cast: Necrotise         |    46 |     8 ||    54
         Vampiric Draining |       |     1 ||     1
    Use: Scroll            |       |     5 ||     5
         Potion            |       |     3 ||     3
 Armour: Robe              |    24 |       ||    24
         Ring mail         |    28 |    59 ||    87
  Dodge: Dodged            |    64 |    40 ||   104

Levels and vault maps discovered:
D:1:      mrwooster_arrival_statue_2, layout_rooms,
          hellmonk_ecumenical_altar_inner_sanctum, minmay_misc_feat_rugged
D:2:      layout_loops_cross, serial_shops, shop
D:3:      layout_rooms, kennysheep_ying_yang, mainiacjoe_overflow_24_doors,
          trog_hazing_becter

Notes
Turn   | Place    | Note
-------+----------+-------------------------------------------
     0 | D:1      | ytrimaz the Mountain Dwarf Necromancer began the quest for
                  | the Orb.
     0 | D:1      | Reached XP level 1. HP: 14/14 MP: 3/3
     0 | D:1      | magus.rc [v1.9.6]
    68 | D:1      | Reached skill level 2 in Spellcasting
    83 | D:1      | Reached skill level 1 in Armour
    83 | D:1      | Reached XP level 2. HP: 14/20 MP: 0/5
   402 | D:1      | You pick up a book of Burglary and begin reading...
   402 | D:1      | You add the spells Ensorcelled Hibernation, Swiftness and
                  | Passwall to your library.
   538 | D:1      | Reached XP level 3. HP: 26/26 MP: 4/6
   542 | D:1      | Learned a level 3 spell: Vampiric Draining
   978 | D:1      | Found a faded altar of an unknown god.
  1114 | D:2      | Found Ijuanum's Antique Weapon Shoppe.
  1151 | D:2      | Reached skill level 2 in Armour
  1170 | D:2      | Reached skill level 5 in Necromancy
  1245 | D:2      | Reached skill level 1 in Axes
  1245 | D:2      | Reached XP level 4. HP: 30/33 MP: 7/7
  1419 | D:2      | Gained mutation: You sometimes lose your temper in combat.
                  | [potion of mutation]
  1419 | D:2      | Gained mutation: You are weak. (Str -2) [potion of
                  | mutation]
  1420 | D:2      | Lost mutation: You are weak. (Str -2) [potion of mutation]
  1420 | D:2      | Lost mutation: You sometimes lose your temper in combat.
                  | [potion of mutation]
  1420 | D:2      | Gained mutation: Your magical capacity is low. (-10% MP)
                  | [potion of mutation]
  1420 | D:2      | Gained mutation: You occasionally lose the ability to read
                  | scrolls when taking damage. [potion of mutation]
  1421 | D:2      | Lost mutation: You occasionally lose the ability to read
                  | scrolls when taking damage. [potion of mutation]
  1421 | D:2      | Lost mutation: Your magical capacity is low. (-10% MP)
                  | [potion of mutation]
  1421 | D:2      | Gained mutation: Your body sometimes deteriorates upon
                  | taking damage. [potion of mutation]
  1421 | D:2      | Gained mutation: Your spells are a little easier to cast,
                  | but a little less powerful. [potion of mutation]
  1421 | D:2      | Gained mutation: You have a beak for a mouth. [potion of
                  | mutation]
  1882 | D:3      | HP: 3/33 [gnoll/+0 flail (10)]
  1883 | D:3      | Reached skill level 2 in Axes
  1883 | D:3      | Slain by a gnoll

Vanquished Creatures
  A gnoll (D:3)
  An adder (D:2)
  3 dart slugs
  9 endoplasms
  3 giant cockroaches
  4 goblins
  A hobgoblin (D:2)
  14 jackals
  3 quokkas
  2 ball pythons
  2 bats
  3 frilled lizards
  3 kobolds
  6 rats
55 creatures vanquished.

Vanquished Creatures (collateral kills)
  A hobgoblin (D:1)
  A goblin (D:1)
2 creatures vanquished.

Grand Total: 57 creatures vanquished

Table legend:
 A = Non-vault XP
 B = Vault XP
 C = Vault XP percentage of total XP
 D = Non-vault monster count
 E = Vault monster count
 F = Vault count percentage of total count
                 A         B        C        D         E       F
            +---------+---------+-------+---------+---------+-------
      Total |     184 |       0 |   0.0 |      57 |       0 |   0.0
            +---------+---------+-------+---------+---------+-------
        D:1 |      69 |       0 |   0.0 |      25 |       0 |   0.0
        D:2 |      95 |       0 |   0.0 |      29 |       0 |   0.0
        D:3 |      20 |       0 |   0.0 |       3 |       0 |   0.0
            +---------+---------+-------+---------+---------+-------

Skill      XL: |  1  2  3  4 |
---------------+-------------+-----
Spellcasting   | 2 |  2.3
Armour         | 1 2 |  2.7
Necromancy     | 5 |  5.3
Axes           | 1 2 |  2.0
Dodging        | |  1.3
Stealth        | |  1.4

Action                     |  1- 3 |  4- 6 || total
---------------------------+-------+-------++-------
  Melee: Unarmed           |    37 |       ||    37
         Hand axe          |    30 |    53 ||    83
         Peck              |       |     5 ||     5
   Cast: Necrotise         |    46 |     8 ||    54
         Vampiric Draining |       |     1 ||     1
    Use: Scroll            |       |     5 ||     5
         Potion            |       |     3 ||     3
 Armour: Robe              |    24 |       ||    24
         Ring mail         |    28 |    59 ||    87
  Dodge: Dodged            |    64 |    40 ||   104

Illustrated notes

Table legend:
 A = Kills in this place as a percentage of kills in the entire game.
 B = Kills by you in this place as a percentage of kills by you in the entire game.
 C = Kills by friends in this place as a percentage of kills by friends in the entire game.
 D = Other kills in this place as a percentage of other kills in the entire game.
 E = Experience gained in this place as a percentage of experience gained in the entire game.
 F = Experience gained in this place divided by the number of levels of this place that you have seen.
                   A       B       C       D       E      F
               +-------+-------+-------+-------+-------+----------------------
         Total | 100.0 | 100.0 | 100.0 |   N/A | 100.0 |  61.3
       Dungeon | 100.0 | 100.0 | 100.0 |   N/A | 100.0 |  61.3
               +-------+-------+-------+-------+-------+----------------------

Table legend: (Time is in decaauts)
 A = Elapsed time spent in this place.
 B = Non-inter-level travel time spent in this place.
 C = Inter-level travel time spent in this place.
 D = Time resting spent in this place.
 E = Time spent auto-exploring this place.
 F = Levels seen in this place.
 G = Mean time per level.
                   A        B        C        D        E       F      G
               +--------+--------+--------+--------+--------+-----+--------+
         Total |   1901 |   1844 |     57 |     46 |   1395 |   3 |  633.7 |
       Dungeon |   1901 |   1844 |     57 |     46 |   1395 |   3 |  633.7 |
               +--------+--------+--------+--------+--------+-----+--------+

Top non-repeatable levels by time:
     D:1: 1067 daAuts
     D:2: 823 daAuts
     D:3: 10 daAuts
